 Dungeon Crawl Stone Soup version 0.28.0 (webtiles) character file.

Game seed: 857716522177406725

450 fragbeetle the Digger (level 7, -10/36 HPs)
             Began as a Gargoyle Earth Elementalist on Feb 18, 2022.
             Mangled by a two-headed ogre (14 damage)
             ... on level 5 of the Dungeon.
             The game lasted 00:07:17 (4616 turns).

fragbeetle the Digger (Gargoyle Earth Elementalist) Turns: 4616, Time: 00:07:18

Health: -10/36     AC:  6    Str: 12    XL:     7   Next: 4%
Magic:  4/10       EV: 12    Int: 17    God:
Gold:   309        SH:  0    Dex: 10    Spells: 6/10 levels left

rFire   . . .      SeeInvis .   m - +0 mace
rCold   . . .      Faith    .   (no shield)
rNeg    + . .      Spirit   .   b - +0 robe
rPois   ∞          Reflect  .   (no helmet)
rElec   +          Harm     .   (no cloak)
rCorr   .          Rampage  .   (no gloves)
Will    .....                   (no boots)
Stlth   ++........              (no amulet)
HPRegen 0.12/turn               (no ring)
MPRegen 0.12/turn               (no ring)

@: no status effects
A: sickness immunity, AC +4, negative energy resistance 1, electricity
resistance, torment resistance 1, petrification resistance
a: no special abilities


You were on level 5 of the Dungeon.
You visited 1 branch of the dungeon, and saw 5 of its levels.
You also visited: Sewer.

You collected 309 gold pieces.

Inventory:

Hand Weapons
 a - a +0 short sword
 m - a +0 mace (weapon)
Missiles
 c - 107 stones
Armour
 b - a +0 robe (worn)
 s - a +0 leather armour
Scrolls
 d - a scroll of immolation {unknown}
 e - a scroll of torment {unknown}
 f - 2 scrolls of teleportation {unknown}
 g - a scroll of enchant armour {unknown}
 h - a scroll of noise {unknown}
 l - a scroll of holy word {unknown}
 n - a scroll of silence {unknown}
 o - a scroll of fog {unknown}
 q - a scroll of blinking {unknown}
 r - a scroll of fear {unknown}
Potions
 i - a potion of degeneration {unknown}
 j - a potion of flight {unknown}
 k - a potion of resistance {unknown}
 p - a potion of berserk rage
 t - a potion of heal wounds {unknown}


   Skills:
 - Level 1.7 Dodging
 - Level 2.4 Stealth
 - Level 2.1 Spellcasting
 + Level 5.0 Conjurations
 - Level 1.0 Transmutations
 - Level 7.0 Earth Magic


You had 6 spell levels left.
You knew the following spells:

 Your Spells              Type           Power      Damage    Failure   Level
a - Sandblast             Erth           50%        2d12      1%          1
b - Stone Arrow           Conj/Erth      44%        3d9       4%          3

Your spell library contained the following spells:

 Spells                   Type           Power      Damage    Failure   Level
 Passwall                 Tmut/Erth      12%        N/A       5%          2
 Ensorcelled Hibernation  Hex/Ice        2%         N/A       28%         2
 Petrify                  Tmut/Erth      15%        N/A       36%         4
 Swiftness                Air            1%         N/A       50%         3


Dungeon Overview and Level Annotations

Branches:
Dungeon (5/15)              Sewer (visited)
 Temple: D:4-7

Altars:
Fedhas
Okawaru
Uskayaw
Xom
Zin
The Shining One

Annotations:
D:4 Grinder


Innate Abilities, Weirdness & Mutations

You are immune to sickness and miasma.
Your stone body is resilient. (AC +4)
You are immune to poison.
You resist negative energy. (rN+)
You are resistant to electric shocks. (rElec)
You are resistant to unholy torment.
You are immune to petrification.


Message History

You start resting.
HP restored.
You now have 301 gold pieces (gained 6).
You now have 309 gold pieces (gained 8).
Found 14 gold pieces and a leather armour.
A two-headed ogre comes into view. It is wielding two +0 giant clubs.
The two-headed ogre shouts in stereo!
Found 21 sling bullets.
Casting: Sandblast (safe; 1% risk of failure)
Confirm with . or Enter, or press ? or * to list all spells.
Aiming: Stone Arrow (dangerous; 4% risk of failure)
Press: ? - help, Shift-Dir - straight line, f - two-headed ogre
Aim: a two-headed ogre, wielding two +0 giant clubs (86% to hit)
The stone arrow hits the two-headed ogre!
The two-headed ogre is moderately wounded.
Unknown command.
Casting: Stone Arrow (dangerous; 4% risk of failure)
Confirm with . or Enter, or press ? or * to list all spells.
Aiming: Stone Arrow (dangerous; 4% risk of failure)
Press: ? - help, Shift-Dir - straight line, f/p - two-headed ogre
Aim: a two-headed ogre, wielding two +0 giant clubs (moderately wounded, 86% to hit)
The stone arrow hits the two-headed ogre!
The two-headed ogre is heavily wounded.
Unknown command.
You sock the two-headed ogre!
The two-headed ogre is heavily wounded.
The two-headed ogre hits you with a +0 giant club!
The two-headed ogre hits you with a +0 giant club!!
Ouch! That really hurt!
* * * LOW HITPOINT WARNING * * *
Unknown command.
Casting: Stone Arrow (dangerous; 4% risk of failure)
Confirm with . or Enter, or press ? or * to list all spells.
Aiming: Sandblast (safe; 1% risk of failure)
Press: ? - help, Shift-Dir - straight line, f/p - two-headed ogre
Aim: a two-headed ogre, wielding two +0 giant clubs (heavily wounded, 91% to hit)
The blast of sand hits the two-headed ogre!
The two-headed ogre is severely wounded.
The two-headed ogre hits you with a +0 giant club!
You die...

.........
.........##
#..........# ####
#......#...# #..###
#....>###..###....#
........#.#.#....##
..........#......##
.........O..#.#...#
.........@..###.###
..............#.##
.................#
...#.#.....<)...[#
.. ###...........#
#.......##>...#
............#...#
###.......###...#
#......### ##


You could see a two-headed ogre.

Vanquished Creatures
  Eustachio (D:4)
  A water moccasin (Sewer)
  A scorpion (D:4)
  A hound (D:4)
  A bullfrog skeleton (D:5)
  3 adders
  An ufetubus (D:4)
  3 orcs
  5 bats (Sewer)
  3 endoplasms
  2 giant cockroaches (D:1)
  6 goblins
  9 hobgoblins
  2 jackals (D:4)
  3 quokkas
  3 ball pythons
  2 frilled lizards (D:3)
  5 kobolds
  6 rats
58 creatures vanquished.

Notes
Turn   | Place    | Note
-------+----------+-------------------------------------------
     0 | D:1      | fragbeetle the Gargoyle Earth Elementalist began the quest
                  | for the Orb.
     0 | D:1      | Reached XP level 1. HP: 10/10 MP: 3/3
   362 | D:1      | Reached skill level 1 in Transmutations
   362 | D:1      | Reached XP level 2. HP: 5/15 MP: 3/5
   882 | D:1      | Reached skill level 4 in Earth Magic
  2222 | D:2      | Reached XP level 3. HP: 12/19 MP: 4/6
  2380 | D:2      | Found a faded altar of an unknown god.
  2741 | D:3      | Reached skill level 5 in Earth Magic
  2852 | D:3      | Reached XP level 4. HP: 20/24 MP: 5/7
  2867 | D:3      | Found a glowing silver altar of Zin.
  2991 | D:3      | Found a glowing drain.
  2996 | Sewer    | Entered a sewer
  3145 | Sewer    | Noticed a water moccasin
  3153 | Sewer    | Killed a water moccasin
  3154 | Sewer    | Reached skill level 7 in Earth Magic
  3154 | Sewer    | Reached XP level 5. HP: 28/28 MP: 2/8
  3161 | Sewer    | Learned a level 3 spell: Stone Arrow
  3564 | D:4      | Noticed Eustachio
  3570 | D:4      | Killed Eustachio
  3571 | D:4      | Reached XP level 6. HP: 29/32 MP: 0/9
  3669 | D:4      | Noticed Grinder
  3857 | D:4      | Found a blossoming altar of Fedhas.
  3965 | D:4      | Found a hide-covered altar of Uskayaw.
  3966 | D:4      | Found an iron altar of Okawaru.
  3968 | D:4      | Found a glowing golden altar of the Shining One.
  3968 | D:4      | Found a shimmering altar of Xom.
  4075 | D:5      | Entered Level 5 of the Dungeon
  4468 | D:5      | Reached skill level 5 in Conjurations
  4468 | D:5      | Reached XP level 7. HP: 23/36 MP: 10/10
  4604 | D:5      | Noticed a two-headed ogre
  4616 | D:5      | Mangled by a two-headed ogre

Illustrated notes

Levels and vault maps discovered:
D:1:      giann_wishing_wells, layout_loops_corners, serial_co_window_serial,
          co_window_paths_b, co_window_paths_a, co_window_paths_b,
          co_window_paths_a, co_window_paths_b, co_window_paths_b,
          co_window_corner_a, co_window_corner_cb, co_window_of_opportunity_c,
          co_window_broadway_b, co_window_of_opportunity_b, glass_columns_a,
          glass_columns_c, glass_columns_a, glass_columns_c
D:2:      wander_river, layout_basic, ebering_ecumenical_altar_box
D:3:      layout_rooms, zin_treasury, portal_sewer_entry_e, minivault_11
D:4:      layout_basic, mainiacjoe_overflow_alcove_3, slow_altar_2,
          fedhas_altar_2, minmay_misc_feat_hallway, grunt_decor_resistance,
          uniq_pikel, uniq_grinder, uniq_eustachio
D:5:      layout_cave_pools, grunt_tough_drop

Skill      XL: |  1  2  3  4  5  6 |
---------------+-------------------+-----
Transmutations | 1 |  1.0
Earth Magic    | 4 5 7 |  7.0
Conjurations   | 3 5 |  5.0
Dodging        | |  1.7
Stealth        | |  2.4
Spellcasting   | |  2.1

Action                   |  1- 3 |  4- 6 |  7- 9 || total
-------------------------+-------+-------+-------++-------
Melee: Short sword       |    56 |       |       ||    56
       Unarmed           |     5 |       |       ||     5
       Punch             |     2 |       |       ||     2
       Mace              |    14 |    72 |     1 ||    87
 Cast: Sandblast         |    22 |    20 |     1 ||    43
       Stone Arrow       |       |     2 |     2 ||     4
 Stab: Sleeping          |     1 |     1 |       ||     2
Armor: Robe              |    16 |    68 |       ||    84
Dodge: Dodged            |    56 |   134 |       ||   190
